 Dungeon Crawl Stone Soup version 0.25-a0-378-gd2ca0b7745 (webtiles) character file.

Game seed: 9074874547508222231, levelgen mode: deterministic

123 PentaManta the Sneak (level 4, 8/22 HPs)
             Began as a Spriggan Assassin on Jan 7, 2020.
             Got out of the dungeon alive.
             The game lasted 00:06:16 (3138 turns).

PentaManta the Sneak (Spriggan Assassin)            Turns: 3138, Time: 00:06:16

Health: 8/22       AC:  4    Str:  7    XL:     4   Next: 80%
Magic:  5/5        EV: 20    Int: 12    God:
Gold:   84         SH:  0    Dex: 18    Spells: 3/3 levels left

rFire    . . .     SeeInvis +   a - +2 dagger
rCold    . . .     Gourm    .   (shield restricted)
rNeg     . . .     Faith    .   b - +1 robe
rPois    .         Spirit   .   (helmet restricted)
rElec    .         Reflect  .   c - +0 cloak
rCorr    .         Harm     .   (gloves unavailable)
MR       .....                  (boots unavailable)
Stlth    ++++......             (no amulet)
HPRegen  0.07/turn              (no ring)
MPRegen  0.09/turn              (no ring)

@: very quick
A: very small, unfitting armour, see invisible, herbivore, speed 3, slow
metabolism 2
a: no special abilities


You escaped.
You were not hungry.

You visited 1 branch of the dungeon, and saw 3 of its levels.

You collected 84 gold pieces.

Inventory:

Hand Weapons
 a - a +2 dagger (weapon)
Missiles
 d - 25 poisoned darts (quivered)
 e - 2 curare-tipped darts
 m - a throwing net
Armour
 b - a +1 robe (worn)
 c - a +0 cloak (worn)
Scrolls
 g - 2 scrolls of fog
 i - a scroll of blinking
Potions
 h - a potion of lignification {unknown}
 k - a potion of berserk rage
 o - 2 potions of cancellation
 p - a potion of agility {unknown}
Comestibles
 f - 8 rations


   Skills:
 - Level 1.5 Fighting
 + Level 3.3 Short Blades
 - Level 2.0 Throwing
 * Level 4.9 Dodging
 + Level 6.9 Stealth


You had 3 spell levels left.
You didn't know any spells.
Your spell library contained the following spells:

 Spells                   Type           Power        Failure   Level  Hunger
 Animate Skeleton         Necr           N/A          32%         1    ##.....
 Apportation              Tloc           #.....       32%         1    ##.....
 Confusing Touch          Hex            #.....       32%         1    ##.....
 Summon Small Mammal      Summ           #...         32%         1    ##.....


Dungeon Overview and Level Annotations

Branches:
Dungeon (3/15)

Altars:
Cheibriados
Elyvilon
Uskayaw
Wu Jian


Innate Abilities, Weirdness & Mutations

You are very small and have problems with some larger weapons.
You are too small for most types of armour.
You have supernaturally acute eyesight. (SInv)
You are a herbivore.
You cover ground extremely quickly.
You need to consume almost no food.


Message History

You hit the hobgoblin but do no damage.
The hobgoblin is almost dead.
The hobgoblin misses you.
You hit the hobgoblin.
You kill the hobgoblin!
You now have 84 gold pieces (gained 9).
Things that are here:
a +0 whip; a +0 scale mail
Things that are here:
a +0 whip; a +0 scale mail Unknown command.
Unknown command.
There is a stone staircase leading up, spattered with blood here.
You climb upwards.
There is a stone staircase leading down here.
There is an open door here.
There is an open door here.
There is a staircase leading out of the dungeon here.
Are you sure you want to leave the Dungeon?
This will make you lose the game!
You have escaped!

#.#.##(# #.....####.#.##..##
#.####.#####.......##.####...##
#.# #...#......##.........P..#
#.####.......######...###.♣P..#
#...#........#####...###..P♣..#
#.#.....###...##....#.##.♣♣♣♣.#
#.###.### ##...#...##.##P.P...#
#.###...# ##.....###[###...P##
#...##..# ###.@.##..).....##
#######.## ##....###.#######
###..####....####.#
#.#....#..####....# #.####...##
#.#### #.# ##...# #.##
#.######..# #..# #.........#
##.# #########.# #.#


There were no monsters in sight!

Vanquished Creatures
  An orc wizard (D:1)
  3 adders
  2 worms (D:2)
  A dart slug (D:2)
  4 leopard geckos
  4 orcs
  3 ball pythons
  3 giant cockroaches
  7 hobgoblins
  2 jackals (D:3)
  4 kobolds
  A quokka (D:2)
  7 bats
  2 frilled lizards (D:2)
  3 goblins (D:1)
  7 rats
54 creatures vanquished.

Vanquished Creatures (others)
  An adder (D:2)
1 creature vanquished.

Grand Total: 55 creatures vanquished

Notes
Turn   | Place    | Note
-------+----------+-------------------------------------------
     0 | D:1      | PentaManta the Spriggan Assassin began the quest for the
                  | Orb.
     0 | D:1      | Reached XP level 1. HP: 10/10 MP: 2/2
   165 | D:1      | Reached skill level 6 in Stealth
   363 | D:1      | Reached XP level 2. HP: 12/14 MP: 3/3
   877 | D:1      | Reached XP level 3. HP: 4/18 MP: 4/4
  1486 | D:2      | Reached XP level 4. HP: 7/22 MP: 5/5
  1886 | D:2      | Found a hide-covered altar of Uskayaw.
  2023 | D:2      | Found a white marble altar of Elyvilon.
  2057 | D:2      | Found a snail-covered altar of Cheibriados.
  2534 | D:3      | Found an ornate altar of the Wu Jian Council.
  3138 | D:$      | Got out of the dungeon alive.

Levels and vault maps discovered:
D:1:      dpeg_arrival_arbitrary_b, layout_loops_corners, serial_forest,
          infiniplex_forest_clump_diagonal, infiniplex_forest_clump_small,
          infiniplex_forest_straight_5, infiniplex_forest_side_room,
          infiniplex_forest_end_2
D:2:      kennysheep_big_flooded_room, layout_loops_cross,
          kennysheep_slug_shrine, eat_drink_and_be_merry_uskayaw,
          elyvilon_altar_4, kennysheep_generic_room_11
D:3:      layout_basic, lemuel_doored_altar, fedhas_altar_2, minmay_circle_x

Skill      XL: |  1  2  3 |
---------------+----------+-----
Dodging        | 2 3 4 |  4.9
Stealth        | 6 |  6.9
Short Blades   | 3 |  3.3
Fighting       | |  1.5
Throwing       | |  2.0

Action                   |  1- 3 |  4- 6 || total
-------------------------+-------+-------++-------
Melee: Dagger            |   101 |   151 ||   252
Throw: Dart              |    14 |     5 ||    19
  Use: Scroll            |       |     7 ||     7
 Stab: Sleeping          |    10 |     4 ||    14
Armor: Robe              |    10 |     9 ||    19
Dodge: Dodged            |    83 |    90 ||   173

Table legend:
 A = Non-vault XP
 B = Vault XP
 C = Vault XP percentage of total XP
 D = Non-vault monster count
 E = Vault monster count
 F = Vault count percentage of total count
                 A         B        C        D         E       F
            +---------+---------+-------+---------+---------+-------
      Total |     150 |      27 |  15.3 |      49 |       5 |   9.3
            +---------+---------+-------+---------+---------+-------
        D:1 |      80 |       0 |   0.0 |      23 |       0 |   0.0
        D:2 |      36 |      27 |  42.9 |      20 |       5 |  20.0
        D:3 |      34 |       0 |   0.0 |       6 |       0 |   0.0
            +---------+---------+-------+---------+---------+-------
